[Event "Early-Titled-Tuesday-Blitz-June-18-2024"]
[Site "Chess.com"]
[Date "2024.06.18"]
[Round "3"]
[White "Mackster23"]
[Black "kleinebeer98"]
[Result "0-1"]
[WhiteElo "2727"]
[BlackElo "2949"]
[TimeControl "180+1"]
[EndTime "8:26:55 PDT"]
[Termination "kleinebeer98 won by resignation"]

1. e4 e5 2. Nf3 Nc6 3. Nc3 Nf6 4. g3 Bb4 5. Bg2 O-O 6. O-O Re8 7. Nd5 Nxe4 8. Nxb4 Nxb4 9. Re1 Nf6 10. Nxe5 d6 11. Nf3 Bg4 12. Rxe8+ Qxe8 13. a3 Nc6 14. d3 Qe6 15. h3 Bxf3 16. Qxf3 Qe1+ 17. Kh2 Re8 18.
b4 Nd4 19. Qf4 Ne2 20. Bb2 Nxf4 21. Rxe1 Rxe1 22. gxf4 Re2 23. Bxb7 Rxf2+ 24. Kg3 Rxc2 25. Bd4 c5 26. bxc5 dxc5 27. Be5 c4 28. dxc4 Rxc4 29. Bd6 Ne4+ 30. Bxe4 Rxe4 31. Kf3 Rc4 32. Bb4 f5 33. Ke3 Kf7 34. Bc5 Rxc5 0-1

[Event "Early-Titled-Tuesday-Blitz-June-18-2024"]
[Site "Chess.com"]
[Date "2024.06.18"]
[Round "3"]
[White "Roachelley"]
[Black "Jospem"]
[Result "0-1"]
[WhiteElo "2545"]
[BlackElo "3052"]
[TimeControl "180+1"]
[EndTime "8:26:56 PDT"]
[Termination "Jospem won by checkmate"]

1. Nf3 c5 2. e3 Nf6 3. b3 e6 4. Bb2 b6 5. Be2 Bb7 6. d4 Be7 7. Nbd2 O-O 8. c4 cxd4 9. exd4 d5 10. O-O Nc6 11. a3 Rc8 12. Rc1 Re8 13. Bd3 dxc4 14. bxc4 Bf8 15. Qe2 g6 16. Rfd1 Bg7 17. Rc2 Nh5 18.
g3 Nxd4 19. Nxd4 Bxd4 20. Be4 Bxe4 21. Nxe4 e5 22. Rcd2 Qe7 23. Qf3 f5 24. Nc3 Rxc4 25. Nd5 Qc5 26. Bxd4 Rxd4 27. Rxd4 exd4 28. Nf4 Nxf4 29.
Qxf4 Qd5 30. Rd3 Re1# 0-1

[Event "Early-Titled-Tuesday-Blitz-June-18-2024"]
[Site "Chess.com"]
[Date "2024.06.18"]
[Round "3"]
[White "giovannibrandao7"]
[Black "HajiyevKanan"]
[Result "0-1"]
[WhiteElo "2293"]
[BlackElo "2511"]
[TimeControl "180+1"]
[EndTime "8:26:59 PDT"]
[Termination "HajiyevKanan won by resignation"]

1. e4 c6 2. d4 d5 3. Nc3 a6 4.
Bd3 dxe4 5. Nxe4 Bf5 6. Nf3 e6 7. O-O Nf6 8. Nxf6+ Qxf6 9. Re1 Nd7 10. Bg5 Qg6 11.
Bf4 Bxd3 12. Qxd3 Qxd3 13. cxd3 Bb4 14. Re2 O-O-O 15. Rd1 h6 16. a3 Ba5 17. b4 Bc7 18. Bxc7 Kxc7 19. Kf1 Rhe8 20. Ne5 Re7 21. Rc1 Nxe5 0-1

[Event "Early-Titled-Tuesday-Blitz-June-18-2024"]
[Site "Chess.com"]
[Date "2024.06.18"]
[Round "3"]
[White "RantomOpening"]
[Black "temus_galaktionov"]
[Result "0-1"]
[WhiteElo "2605"]
[BlackElo "2848"]
[TimeControl "180+1"]
[EndTime "8:27:02 PDT"]
[Termination "temus_galaktionov won by resignation"]

1. c4 c6 2. Nf3 g6 3. e4 Bg7 4.
d4 d6 5. Nc3 Nd7 6. Be2 e5 7.
O-O Ngf6 8. Be3 Qe7 9. dxe5 dxe5 10. h3 O-O 11. Qc2 Nh5 12. Rfd1 Nf4 13. Bf1 Nc5 14.
b4 Nce6 15. a4 Qxb4 16. Rab1 Qe7 17. g3 Nh5 18. Bg2 Rd8 19. a5 Rxd1+ 20. Rxd1 Qc7 21. Qa4 Nf6 22. a6 b6 23. Kh2 Nd7 24. Qc2 Bxa6 25. Ne2 Ndc5 26. h4 Rd8 27. Rxd8+ Qxd8 28. Qa2 Qd3 29.
Nc1 Qxc4 30. Qa1 Nd4 31. Nd2 Qa4 32. Qb2 Bb5 33. f4 exf4 34. gxf4 Nf3+ 0-1

[Event "Early-Titled-Tuesday-Blitz-June-18-2024"]
[Site "Chess.com"]
[Date "2024.06.18"]
[Round "3"]
[White "Yan_Dyomin2010"]
[Black "ferdipy"]
[Result "1-0"]
[WhiteElo "2642"]
[BlackElo "2340"]
[TimeControl "180+1"]
[EndTime "8:27:03 PDT"]
[Termination "Yan_Dyomin2010 won by resignation"]

1. e4 e6 2. Nc3 d5 3. d4 Bb4 4. e5 c5 5. a3 Bxc3+ 6. bxc3 Ne7 7. Qg4 Qc7 8. Bd2 O-O 9. Bd3 Ng6 10. Nf3 f5 11. exf6 e5 12. Qg3 gxf6 13. dxe5 fxe5 14.
Bxg6 hxg6 15. Qxg6+ Qg7 16. Qxg7+ Kxg7 17. Nxe5 Bf5 18. O-O-O Nc6 19. Nxc6 bxc6 20. Be3 c4 21. Rhe1 a5 22. Bd4+ Kg6 23. f3 Rfe8 24. Kd2 a4 25.
g4 Bd7 26. h4 Rf8 27. Re3 Rae8 28. h5+ Kg5 29. Rde1 Rxe3 30. Rxe3 Kh4 31. h6 Rf7 32. Bg7 Kg5 33. h7 1-0

[Event "Early-Titled-Tuesday-Blitz-June-18-2024"]
[Site "Chess.com"]
[Date "2024.06.18"]
[Round "3"]
[White "NikitaShnadrygin"]
[Black "Msb2"]
[Result "0-1"]
[WhiteElo "2771"]
[BlackElo "3055"]
[TimeControl "180+1"]
[EndTime "8:27:08 PDT"]
[Termination "Msb2 won by resignation"]

1. e4 e6 2. d4 d5 3. Nd2 c5 4. exd5 Qxd5 5. Ngf3 cxd4 6. Bc4 Qd6 7. O-O Nf6 8. Nb3 Nc6 9. Nbxd4 Nxd4 10. Nxd4 Be7 11. c3 O-O 12. Qf3 e5 13. Nf5 Bxf5 14. Qxf5 Qc7 15. Bb3 a5 16. a4 Ra6 17. Re1 Bc5 18. Rxe5 Bxf2+ 19. Kh1 Ng4 20. Bxf7+ Kh8 21. Bc4 Raf6 22. Qxg4 Qxe5 23. Bd2 Be1 0-1

[Event "Early-Titled-Tuesday-Blitz-June-18-2024"]
[Site "Chess.com"]
[Date "2024.06.18"]
[Round "3"]
[White "KRSilva"]
[Black "randy296"]
[Result "1-0"]
[WhiteElo "2402"]
[BlackElo "2080"]
[TimeControl "180+1"]
[EndTime "8:27:10 PDT"]
[Termination "KRSilva won by checkmate"]

1. Nf3 c5 2. e3 Nc6 3. d4 cxd4 4. exd4 d5 5. h3 g6 6. Bb5 a6 7. Bxc6+ bxc6 8. O-O Bg7 9. Re1 Nf6 10. Qe2 Ne4 11. Nbd2 Bf5 12. g4 Nxd2 13. Nxd2 Be6 14. c3 O-O 15. Nf3 Bf6 16. Bh6 Re8 17. Qd2 Qd7 18.
Qf4 Rab8 19. Re2 Rb7 20. Ng5 Reb8 21. Nxe6 fxe6 22. b3 c5 23. Rae1 cxd4 24. cxd4 Rb4 25. Rxe6 Rxd4 26. Qxb8+ Kf7 27. Qf8# 1-0

[Event "Early-Titled-Tuesday-Blitz-June-18-2024"]
[Site "Chess.com"]
[Date "2024.06.18"]
[Round "3"]
[White "chessbaerchen"]
[Black "AndrewMaco"]
[Result "1-0"]
[WhiteElo "2691"]
[BlackElo "2686"]
[TimeControl "180+1"]
[EndTime "8:27:15 PDT"]
[Termination "chessbaerchen won by resignation"]

1. e4 c6 2. d4 d5 3. Nc3 dxe4 4.
Nxe4 Nf6 5. Nxf6+ exf6 6. c3 Bd6 7. Bd3 O-O 8. Ne2 Re8 9. O-O Nd7 10. Bf4 Nf8 11. Bxd6 Qxd6 12. Ng3 g6 13. Ne4 Qd8 14. Re1 Kg7 15. Qf3 Be6 16. Nc5 Bd5 17. Qg3 b6 18. Nb7 Qd7 19. Nd6 Rxe1+ 20. Rxe1 Rd8 21. Nf5+ Kh8 22. Re7 Re8 23. Rxd7 gxf5 24. Rxd5 cxd5 25. h4 Re1+ 26. Kh2 Ne6 27. Bxf5 1-0

[Event "Early-Titled-Tuesday-Blitz-June-18-2024"]
[Site "Chess.com"]
[Date "2024.06.18"]
[Round "3"]
[White "Rosh1610"]
[Black "mfschulz"]
[Result "1-0"]
[WhiteElo "2466"]
[BlackElo "2229"]
[TimeControl "180+1"]
[EndTime "8:27:16 PDT"]
[Termination "Rosh1610 won by resignation"]

1. e4 g6 2. d4 Bg7 3. Nc3 c5 4. dxc5 Bxc3+ 5. bxc3 Qa5 6. Ne2 Qxc5 7. Qd4 Qxd4 8. cxd4 d5 9. exd5 Nf6 10. c4 b5 11. cxb5 Bb7 12. Nc3 Nxd5 13. Nxd5 Bxd5 14. f3 O-O 15. Bd3 Nd7 16. O-O e5 17. Bb2 Rfe8 18.
Rfe1 Rad8 19. dxe5 Nc5 20. Bf1 Na4 21. Ba3 Re6 22. Bd6 f6 23. f4 fxe5 24. fxe5 Nb2 25. Rac1 Bxa2 26. Rc2 Rdxd6 27. exd6 Rxe1 28. d7 Rd1 29. Rc8+ Kf7 30. d8=Q Rxd8 31. Rxd8 Be6 32. Ra8 h5 33. Rxa7+ Kf6 34. b6 1-0

[Event "Early-Titled-Tuesday-Blitz-June-18-2024"]
[Site "Chess.com"]
[Date "2024.06.18"]
[Round "3"]
[White "Stanbad1"]
[Black "Hudijegszid"]
[Result "0-1"]
[WhiteElo "2712"]
[BlackElo "2513"]
[TimeControl "180+1"]
[EndTime "8:27:17 PDT"]
[Termination "Hudijegszid won by resignation"]

1. d4 d5 2. Nc3 Nf6 3. Bf4 c5 4. e4 cxd4 5. Qxd4 Nc6 6. Bb5 Bd7 7. Bxc6 Bxc6 8. e5 Nd7 9. e6 fxe6 10. Nf3 Qb6 11. Qd2 d4 12. Qxd4 Bxf3 13. Qxb6 axb6 14. gxf3 g6 15. Nb5 Kf7 16. a4 Bg7 17. Ra2 Rhc8 18.
b3 Rc5 19. c4 Rf5 20. Be3 Nc5 21. Bxc5 bxc5 22. Ke2 Bd4 23. Nxd4 cxd4 24. Rd1 e5 25. b4 Ke6 26. a5 g5 27. b5 Raf8 28.
Rd3 g4 29. a6 gxf3+ 30. Kd2 bxa6 31. Rxa6+ Kf7 32. b6 Rd8 33. Rb3 e4 34. Ke1 e3 35.
Ra1 d3 36. fxe3 d2+ 37. Kf2 d1=Q 38. Rxd1 Rxd1 39. b7 Rd2+ 40. Ke1 Rxh2 41. Kf1 f2 0-1

[Event "Early-Titled-Tuesday-Blitz-June-18-2024"]
[Site "Chess.com"]
[Date "2024.06.18"]
[Round "3"]
[White "dealshark"]
[Black "vladgoncharov"]
[Result "0-1"]
[WhiteElo "2453"]
[BlackElo "2653"]
[TimeControl "180+1"]
[EndTime "8:27:17 PDT"]
[Termination "vladgoncharov won by resignation"]

1. e4 e6 2. d4 d5 3. exd5 exd5 4. Bd3 Nc6 5. Ne2 Bd6 6. O-O Nf6 7. Bg5 h6 8. Be3 Bg4 9. f3 Be6 10. Nd2 Qd7 11. c4 dxc4 12. Nxc4 O-O 13. Nxd6 Qxd6 14. Qd2 Nb4 15. Bb1 Nbd5 16. Bf2 Rad8 17. Bg3 Qb6 18. Rd1 Rfe8 19. Bf2 c6 20. Nc3 Qb4 21.
Nxd5 Nxd5 22. Qxb4 Nxb4 23. d5 Rxd5 24. Rxd5 Bxd5 25. Bxa7 Re1+ 26. Kf2 Nc2 27. Bc5 Rh1 28. Kg3 Nxa1 0-1

[Event "Early-Titled-Tuesday-Blitz-June-18-2024"]
[Site "Chess.com"]
[Date "2024.06.18"]
[Round "3"]
[White "jamengrand"]
[Black "Alexchess1984"]
[Result "1-0"]
[WhiteElo "2307"]
[BlackElo "2550"]
[TimeControl "180+1"]
[EndTime "8:27:17 PDT"]
[Termination "jamengrand won by resignation"]

1. e4 e6 2. d4 d5 3. e5 b6 4. Nf3 Qd7 5. c4 Ba6 6. Nc3 Bxc4 7. Bxc4 dxc4 8. O-O Bb4 9. Ne4 Ne7 10. Qe2 Nbc6 11. Qxc4 Qd5 12. Qe2 Nxd4 13. Nxd4 Qxd4 14. Bf4 Nd5 15. Rad1 Nxf4 16. Qb5+ Ke7 17. Rxd4 c6 18.
Qxb4+ c5 19. Nxc5 Ne2+ 20. Kh1 Nxd4 21. Na6+ 1-0

[Event "Early-Titled-Tuesday-Blitz-June-18-2024"]
[Site "Chess.com"]
[Date "2024.06.18"]
[Round "3"]
[White "SharathRk6"]
[Black "cristiano78"]
[Result "1-0"]
[WhiteElo "2450"]
[BlackElo "2229"]
[TimeControl "180+1"]
[EndTime "8:27:18 PDT"]
[Termination "SharathRk6 won by resignation"]

1. b3 e5 2. Bb2 Nc6 3. e3 a6 4. Nf3 d6 5. Be2 g6 6. O-O Bg7 7. c4 Nh6 8. d4 exd4 9. exd4 O-O 10. Nbd2 Nf5 11. Ne4 Re8 12. Ng3 Nxg3 13. hxg3 Bg4 14.
Qd2 Qd7 15. Rfe1 Bxf3 16. Bxf3 Rxe1+ 17. Rxe1 Re8 18. Rxe8+ Qxe8 19. Qe3 Qxe3 20. fxe3 Kf8 21. Bg4 f5 22. Bf3 Ke7 23. Kf2 Bf6 24. g4 fxg4 25.
Bxg4 Nd8 26. Ba3 Nf7 27. Bc8 Nd8 28. Ke2 h5 29. Kd3 g5 30. e4 Bg7 31. e5 a5 32.
Ke4 b6 33. Kf5 Nf7 34. Kg6 Bf8 35. e6 Nd8 36. d5 g4 37. Kxh5 Bg7 38. Kxg4 Bf6 39. Kf5 c6 40. g4 cxd5 41. cxd5 Be5 42. g5 b5 43. Bc1 b4 44. Kg6 1-0

[Event "Early-Titled-Tuesday-Blitz-June-18-2024"]
[Site "Chess.com"]
[Date "2024.06.18"]
[Round "3"]
[White "Blitzking642"]
[Black "pouya21"]
[Result "0-1"]
[WhiteElo "2526"]
[BlackElo "2864"]
[TimeControl "180+1"]
[EndTime "8:27:20 PDT"]
[Termination "pouya21 won by resignation"]

1. d4 e6 2. c4 b6 3. Nf3 Bb7 4. g3 Bb4+ 5. Bd2 Bxf3 6. exf3 Bxd2+ 7. Qxd2 Ne7 8. Bg2 d5 9. b3 O-O 10. O-O Nbc6 11. Rd1 Qd7 12. Nc3 Rad8 13. c5 bxc5 14. dxc5 d4 15. Ne2 a5 16. f4 Qc8 17. Qd3 Nb4 18. Qc4 d3 19. Nc1 Nc2 20. Rb1 Na3 21. Qc3 Nxb1 22. Qb2 d2 23. Ne2 Qa6 24. Bf1 Qd3 25.
f5 Nxf5 26. Nf4 Qe4 27. Bg2 Qe1+ 0-1

[Event "Early-Titled-Tuesday-Blitz-June-18-2024"]
[Site "Chess.com"]
[Date "2024.06.18"]
[Round "3"]
[White "Acva-Alenok"]
[Black "Lennis93"]
[Result "0-1"]
[WhiteElo "2399"]
[BlackElo "2624"]
[TimeControl "180+1"]
[EndTime "8:27:21 PDT"]
[Termination "Lennis93 won on time"]

1. d4 Nf6 2. c4 c5 3. d5 b5 4.
Nf3 bxc4 5. Nc3 d6 6. e4 Ba6 7.
e5 dxe5 8. Nxe5 g6 9. Qa4+ Nfd7 10. Bf4 Bg7 11. Bxc4 Bxc4 12. Nxc4 O-O 13. O-O Nb6 14. Nxb6 Qxb6 15. Qb5 Na6 16. Rfe1 Rfe8 17. a4 Nb4 18. Rad1 Nc2 19. Re2 Nd4 0-1

[Event "Early-Titled-Tuesday-Blitz-June-18-2024"]
[Site "Chess.com"]
[Date "2024.06.18"]
[Round "3"]
[White "Smiechu"]
[Black "Shield12"]
[Result "0-1"]
[WhiteElo "2354"]
[BlackElo "2880"]
[TimeControl "180+1"]
[EndTime "8:27:22 PDT"]
[Termination "Shield12 won by resignation"]

1. e4 d5 2. exd5 Qxd5 3. Nf3 Nf6 4. d4 Bg4 5. Be2 Nc6 6. Be3 O-O-O 7. c4 Qh5 8. d5 e6 9. Qa4 exd5 10. Bxa7 Bb4+ 11.
Nc3 d4 12. Bxd4 Nxd4 13. O-O-O Nxe2+ 14. Nxe2 Qa5 15. Qb3 Bxf3 16. gxf3 Rhe8 17. Nd4 Bc5 18. Nb5 Bxf2 19. Qc2 Be3+ 20. Kb1 Kb8 21. Rde1 Rd2 22. Qb3 Bd4 23. Rxe8+ Nxe8 24. Nxd4 Rxd4 25. Qe3 Rd8 26.
Qe7 Qd2 27. Qxf7 Qd3+ 28. Kc1 Nd6 29. Qe7 Nxc4 30. Qe1 Nd2 31. Kd1 Nb3+ 0-1

[Event "Early-Titled-Tuesday-Blitz-June-18-2024"]
[Site "Chess.com"]
[Date "2024.06.18"]
[Round "3"]
[White "N_I_Chess"]
[Black "IMJonathanCarlstedt"]
[Result "0-1"]
[WhiteElo "2323"]
[BlackElo "2586"]
[TimeControl "180+1"]
[EndTime "8:27:26 PDT"]
[Termination "IMJonathanCarlstedt won by resignation"]

1. d4 Nf6 2. c4 e6 3. Nc3 Bb4 4. Bd2 O-O 5. e3 d5 6. cxd5 exd5 7. Bd3 c5 8. Nge2 Nc6 9. O-O cxd4 10. Nxd4 Nxd4 11. exd4 Bg4 12. Qb3 Bd6 13. Bg5 Be6 14.
Rfe1 b6 15. Rac1 Bxh2+ 16. Kh1 Bb8 17. Ne2 h6 18. Bh4 g5 19. Bg3 Ng4 20. Kg1 Qf6 21.
f3 Bxg3 22. Nxg3 Qxd4+ 23. Kh1 Nf2+ 24. Kh2 Nxd3 25. Rcd1 Qh4+ 26. Kg1 Nxe1 27. Rxe1 Qxg3 0-1

[Event "Early-Titled-Tuesday-Blitz-June-18-2024"]
[Site "Chess.com"]
[Date "2024.06.18"]
[Round "3"]
[White "Heliosis11"]
[Black "JosefineHeinemann"]
[Result "1-0"]
[WhiteElo "2441"]
[BlackElo "2489"]
[TimeControl "180+1"]
[EndTime "8:27:27 PDT"]
[Termination "Heliosis11 won by resignation"]

1. d4 Nf6 2. c4 e6 3. g3 d5 4. Nf3 Bb4+ 5. Bd2 Be7 6. Bg2 O-O 7. O-O c6 8. Nc3 dxc4 9. a4 Nbd7 10. e4 a5 11. Qe2 Nb6 12. Rfd1 Nfd7 13. Be3 Bb4 14. Nd2 e5 15. Nxc4 Nxc4 16. Qxc4 exd4 17. Bxd4 Qe7 18. f4 Nf6 19. e5 Ne8 20. Ne4 Be6 21. Qe2 Nc7 22. Nf6+ gxf6 23. exf6 Qe8 24. Qh5 1-0

[Event "Early-Titled-Tuesday-Blitz-June-18-2024"]
[Site "Chess.com"]
[Date "2024.06.18"]
[Round "3"]
[White "KINGOF2SOAP"]
[Black "pfalcon1949"]
[Result "0-1"]
[WhiteElo "2340"]
[BlackElo "1798"]
[TimeControl "180+1"]
[EndTime "8:27:29 PDT"]
[Termination "pfalcon1949 won by checkmate"]

1. d4 Nf6 2. Nf3 d5 3. Nbd2 e6 4. e3 c5 5. b3 Nc6 6. Bb2 b6 7. a3 Bb7 8. Bd3 Be7 9. O-O O-O 10. Ne5 Nxe5 11. dxe5 Ne4 12. f4 f5 13. Qe2 Nxd2 14. Qxd2 Rc8 15. Rf3 d4 16. Rh3 dxe3 17. Qxe3 c4 18. Qg3 cxd3 19. Rd1 Rxc2 20. Rxd3 Bc5+ 21. Kh1 Qxd3 22. Qg5 Qf1# 0-1

[Event "Early-Titled-Tuesday-Blitz-June-18-2024"]
[Site "Chess.com"]
[Date "2024.06.18"]
[Round "3"]
[White "Attacker_2006"]
[Black "SaqoChess_Twitch"]
[Result "1-0"]
[WhiteElo "2474"]
[BlackElo "2637"]
[TimeControl "180+1"]
[EndTime "8:27:33 PDT"]
[Termination "Attacker_2006 won by resignation"]

1. d4 d5 2. Nf3 e6 3. Bf4 Nf6 4. e3 Be7 5. Ne5 O-O 6. Bd3 c5 7.
c3 Ne4 8. Nd2 f5 9. f3 Nxd2 10.
Kxd2 Nd7 11. g4 Nxe5 12. Bxe5 cxd4 13. exd4 fxg4 14. fxg4 Bg5+ 15. Kc2 Rf2+ 16. Kb1 Bd7 17. h4 Be3 18. g5 Rd2 19. Qf1 Qb6 20. b3 Qa5 21. Bxh7+ Kxh7 22. Qf7 Rb2+ 23. Kxb2 Qxc3+ 24. Kxc3 Rc8+ 25. Kb2 Bxd4+ 26. Bxd4 e5 27. Bxe5 Rc2+ 28.
Kxc2 Bf5+ 29. Kd2 1-0

[Event "Early-Titled-Tuesday-Blitz-June-18-2024"]
[Site "Chess.com"]
[Date "2024.06.18"]
[Round "3"]
[White "JG-17"]
[Black "RandomNoob04"]
[Result "0-1"]
[WhiteElo "2512"]
[BlackElo "2824"]
[TimeControl "180+1"]
[EndTime "8:27:39 PDT"]
[Termination "RandomNoob04 won by resignation"]

1. e4 d5 2. exd5 Qxd5 3. Nc3 Qa5 4. d4 Nf6 5. Nf3 Bf5 6. Bc4 e6 7. Bd2 Bb4 8. O-O Nc6 9. a3 Bxc3 10. Bxc3 Qb6 11. Ne5 O-O 12. a4 Nxe5 13. dxe5 Ne4 14. Bd4 Qc6 15. Bb5 Qd5 16. b3 a6 17. Bc4 Qd7 18. Be3 Qe7 19. Qf3 Rfd8 20. Rad1 Nc3 21.
Rxd8+ Rxd8 22. Qg3 Qb4 23. Bh6 Bg6 24. Bg5 Rd7 25. h4 b5 26. axb5 axb5 27. Bd3 Bxd3 28.
cxd3 Ne2+ 0-1

[Event "Early-Titled-Tuesday-Blitz-June-18-2024"]
[Site "Chess.com"]
[Date "2024.06.18"]
[Round "3"]
[White "elizabethcastaneda"]
[Black "PapaieDudu"]
[Result "1-0"]
[WhiteElo "2032"]
[BlackElo "2346"]
[TimeControl "180+1"]
[EndTime "8:27:44 PDT"]
[Termination "elizabethcastaneda won by checkmate"]

1. e4 c5 2. Nf3 d6 3. d4 cxd4 4. Nxd4 Nf6 5. Nc3 a6 6. Be3 e6 7.
Be2 b5 8. a4 b4 9. Na2 Nxe4 10.
Bf3 d5 11. c3 a5 12. O-O Bd6 13. Bxe4 dxe4 14. Nb5 Ra6 15. Qg4 O-O 16. Rfd1 f5 17. Qe2 f4 18. Bc5 Qg5 19. Bxd6 f3 20. Qf1 e3 21. fxe3 fxg2 22. Qxf8# 1-0

[Event "Early-Titled-Tuesday-Blitz-June-18-2024"]
[Site "Chess.com"]
[Date "2024.06.18"]
[Round "3"]
[White "Kotofeyca"]
[Black "lluiss"]
[Result "0-1"]
[WhiteElo "2484"]
[BlackElo "2279"]
[TimeControl "180+1"]
[EndTime "8:27:47 PDT"]
[Termination "lluiss won by checkmate"]

1. d4 Nf6 2. c4 g6 3. f3 d5 4.
cxd5 Nxd5 5. e4 Nb6 6. Nc3 Bg7 7. Be3 O-O 8. Qd2 Nc6 9. O-O-O Qd6 10. h4 Rd8 11. d5 Ne5 12. Qf2 Nec4 13. Bc5 Qf4+ 14. Be3 Qxe3+ 15. Qxe3 Nxe3 16. Re1 Nxf1 17. Rxf1 e6 18.
dxe6 Bxe6 19. h5 Nc4 20. h6 Be5 21. f4 Bxc3 22. bxc3 Ne3 23. Rf3 Rd1+ 24. Kb2 Nc4+ 25. Kc2 Rad8 26. f5 Ne5 27. fxe6 R8d2+ 28. Kb3 Rb1+ 29.
Ka3 Nc4+ 30. Ka4 Rxa2# 0-1

[Event "Early-Titled-Tuesday-Blitz-June-18-2024"]
[Site "Chess.com"]
[Date "2024.06.18"]
[Round "3"]
[White "Muracle"]
[Black "K_A_S_T_O_R"]
[Result "0-1"]
[WhiteElo "2581"]
[BlackElo "2830"]
[TimeControl "180+1"]
[EndTime "8:27:51 PDT"]
[Termination "K_A_S_T_O_R won on time"]

1. d4 Nf6 2. Nf3 e6 3. g3 b6 4. Bg2 Bb7 5. O-O c5 6. c4 cxd4 7. Qxd4 d6 8. Bg5 Nbd7 9. Nc3 a6 10. e4 Qc7 11. Rad1 Rc8 12. b3 Be7 13. Rc1 O-O 14. Rfd1 Rfd8 15. h3 Nc5 16. Ne1 h6 17. Bxf6 Bxf6 18.
Qe3 Qb8 19. Nd3 Ba8 20. e5 Nxd3 21. exf6 Nxc1 22. Bxa8 Qxa8 23. Qxc1 Qf3 24. fxg7 Kxg7 25. Re1 Qf5 26. Ne2 d5 27. Qb2+ Qf6 28. Qa3 dxc4 29.
Nf4 Qc3 30. Qe7 Qxe1+ 31. Kg2 Qe4+ 0-1

[Event "Early-Titled-Tuesday-Blitz-June-18-2024"]
[Site "Chess.com"]
[Date "2024.06.18"]
[Round "3"]
[White "Resourchess"]
[Black "Ordekalog"]
[Result "0-1"]
[WhiteElo "2386"]
[BlackElo "2621"]
[TimeControl "180+1"]
[EndTime "8:27:54 PDT"]
[Termination "Ordekalog won by resignation"]

1. d4 d5 2. c4 e6 3. Nc3 c5 4. e3 Nf6 5. Nf3 Nc6 6. a3 a6 7. dxc5 Bxc5 8. b4 Ba7 9. Bb2 O-O 10.
Be2 dxc4 11. Bxc4 b5 12. Be2 Bb7 13. O-O Qe7 14. Qb3 Rad8 15. h3 Bb8 16. Rfd1 Ne5 17. Nxe5 Bxe5 18. Na2 Bd5 19. Qc2 Be4 20. Qc1 Rc8 21.
Bxe5 Rxc1 22. Raxc1 Qb7 23. f3 Bd5 24. Nc3 Nd7 25.
Nxd5 Nxe5 26. Rc7 Qb8 27. Ne7+ Kh8 28. Rdc1 Qd8 29. f4 Nc4 30. Rb7 Qd2 31. Rxc4 Qxe3+ 32. Kh1 bxc4 33. Bf3 Qc1+ 34. Kh2 Qxf4+ 35. Kg1 c3 36. Rb6 Qe3+ 0-1

[Event "Early-Titled-Tuesday-Blitz-June-18-2024"]
[Site "Chess.com"]
[Date "2024.06.18"]
[Round "3"]
[White "KononenkoD"]
[Black "sansanathalia"]
[Result "0-1"]
[WhiteElo "2618"]
[BlackElo "2449"]
[TimeControl "180+1"]
[EndTime "8:27:56 PDT"]
[Termination "sansanathalia won by checkmate"]

1. e4 c5 2. Nf3 d6 3. d4 cxd4 4.
Nxd4 Nf6 5. Nc3 a6 6. Bc4 e6 7. Bb3 Be7 8. g4 O-O 9. g5 Nfd7 10. h4 Nc6 11. Be3 Nc5 12. Qg4 Nxd4 13. Bxd4 e5 14.
Qd1 exd4 15. Qxd4 Nxb3 16. axb3 Be6 17. O-O-O Rc8 18. Kb1 Qa5 19. f4 f5 20. Rhe1 Rfe8 21. h5 fxe4 22. h6 Bf8 23. Rxe4 Bf5 24. Rxe8 Rxe8 25. Qc4+ Be6 26. Qe4 Bf7 27. Qxb7 Qf5 28. hxg7 Bxg7 29. Rxd6 Re1+ 30. Ka2 Qa5+ 31. Na4 Qxa4# 0-1

[Event "Early-Titled-Tuesday-Blitz-June-18-2024"]
[Site "Chess.com"]
[Date "2024.06.18"]
[Round "3"]
[White "MalyDominator"]
[Black "Niteshch"]
[Result "1-0"]
[WhiteElo "2586"]
[BlackElo "2322"]
[TimeControl "180+1"]
[EndTime "8:28:01 PDT"]
[Termination "MalyDominator won by resignation"]

1. e4 c6 2. d4 d5 3. exd5 cxd5 4. Bd3 Nc6 5. c3 Nf6 6. h3 g6 7. Nf3 Bg7 8. O-O Bf5 9. Be2 O-O 10. Be3 Ne4 11. Re1 e5 12. dxe5 Nxe5 13. Nxe5 Bxe5 14. Nd2 d4 15. cxd4 Bxd4 16. Nxe4 Bxe3 17. Nd6 Bb6 18. Nxf5 gxf5 19. Bd3 Qd4 20. Qf3 Rad8 21. Bxf5 Qxb2 22. Rab1 Qxa2 23. Rxb6 axb6 24. Qh5 Kg7 25. Qg5+ Kh8 26.
Qh6 1-0

[Event "Early-Titled-Tuesday-Blitz-June-18-2024"]
[Site "Chess.com"]
[Date "2024.06.18"]
[Round "3"]
[White "LeoLV10"]
[Black "Chessbard1972"]
[Result "0-1"]
[WhiteElo "2543"]
[BlackElo "2241"]
[TimeControl "180+1"]
[EndTime "8:28:03 PDT"]
[Termination "Chessbard1972 won by resignation"]

1. e4 c5 2. Nf3 a6 3. d4 cxd4 4.
Nxd4 e6 5. Bd3 Bc5 6. Nb3 Ba7 7. O-O Nc6 8. Qe2 Qc7 9. c4 Nf6 10. Nc3 h5 11. Kh1 Ng4 12. f4 Nd4 13. Nxd4 Bxd4 14.
Bd2 b6 15. Rad1 Bb7 16. h3 O-O-O 17. b4 f5 18. Rc1 Kb8 19. a4 g5 20. c5 bxc5 21.
bxc5 gxf4 22. Bxf4 Be5 23. Qf3 Bxf4 24. Qxf4 Qxf4 25.
Rxf4 Ne5 26. Bb1 fxe4 27. Nxe4 Rhf8 28. Rcf1 Rxf4 29. Rxf4 Rg8 30. Kh2 Bd5 31. g3 Kc7 32. h4 Rb8 33. Nd2 Rb2 34. Rf2 Ng4+ 35. Kg1 Nxf2 0-1

[Event "Early-Titled-Tuesday-Blitz-June-18-2024"]
[Site "Chess.com"]
[Date "2024.06.18"]
[Round "3"]
[White "Nicolik"]
[Black "Eliwood44"]
[Result "0-1"]
[WhiteElo "2641"]
[BlackElo "2476"]
[TimeControl "180+1"]
[EndTime "8:28:04 PDT"]
[Termination "Eliwood44 won by checkmate"]

1. d4 Nf6 2. Nc3 d5 3. Bf4 c5 4. e4 dxe4 5. dxc5 Qa5 6. Bb5+ Bd7 7. a4 a6 8. Bxd7+ Nbxd7 9. Ne2 e5 10. Bd2 Qxc5 11.
O-O Be7 12. Ng3 Qc6 13. Qe2 O-O 14. Bg5 Rac8 15. Rad1 Bb4 16. Ncxe4 Qxc2 17. Bxf6 Qxe2 18. Nxe2 Nxf6 19. Nxf6+ gxf6 20. Ng3 Rc2 21. Rd7 b6 22. Rfd1 Bc5 23. Ne4 Rxb2 24. Nxf6+ Kg7 25. Ne4 Bd4 26. h4 h6 27. Rd3 Rc8 28. Rg3+ Kf8 29. Nf6 Bxf2+ 30.
Kh2 Bxg3+ 31. Kxg3 Rc3+ 32. Kg4 Rxg2+ 33. Kh5 Rf3 34. Ne4 Rf5+ 35. Kxh6 Rg6+ 36. Kh7 Rh5# 0-1

[Event "Early-Titled-Tuesday-Blitz-June-18-2024"]
[Site "Chess.com"]
[Date "2024.06.18"]
[Round "3"]
[White "amintabatabaei"]
[Black "BirdMaster3000"]
[Result "1-0"]
[WhiteElo "3058"]
[BlackElo "2773"]
[TimeControl "180+1"]
[EndTime "8:28:05 PDT"]
[Termination "amintabatabaei won by resignation"]

1. Nf3 f5 2. b3 Nf6 3. Bb2 e6 4. g3 Be7 5. Bg2 O-O 6. O-O d5 7. c4 c6 8. d3 Nbd7 9. Nc3 b6 10. Qc2 c5 11. d4 cxd4 12. Nxd4 Nc5 13. cxd5 e5 14. Nc6 Qe8 15. Nxe7+ Qxe7 16. d6 Qf7 17.
Bxa8 e4 18. Rad1 Qh5 19. Bd5+ Kh8 20. f3 f4 21. Nxe4 Ncxe4 22. Bxe4 fxg3 23. hxg3 Qh3 24. Be5 Nd7 25. Qc3 Re8 26. Bxg7+ Kg8 27. Bd5+ 1-0

[Event "Early-Titled-Tuesday-Blitz-June-18-2024"]
[Site "Chess.com"]
[Date "2024.06.18"]
[Round "3"]
[White "Road2GM3000"]
[Black "SpongeBob_03"]
[Result "1-0"]
[WhiteElo "2470"]
[BlackElo "2250"]
[TimeControl "180+1"]
[EndTime "8:28:06 PDT"]
[Termination "Road2GM3000 won on time"]

1. d4 Nf6 2. c4 e6 3. Nc3 Bb4 4. Nf3 c5 5. g3 Nc6 6. Bg2 Qa5 7. O-O Bxc3 8. bxc3 Qxc3 9. d5 Qxa1 10. dxc6 bxc6 11. Qb3 Ba6 12. Ba3 Qxf1+ 13. Kxf1 O-O 14.
Bxc5 Rfb8 15. Qc2 d5 16. Ne5 Rc8 17. Qa4 Bb7 18. Bxa7 Ne8 19. Nd7 c5 20. Nb6 Bc6 21. Qa5 Rxa7 22. Qxa7 Nd6 23. Nxc8 Nxc8 24. Qc7 1-0